 Dungeon Crawl Stone Soup version 0.29.0-15-g675c0067aa (webtiles) character file.

Game seed: 7872928880710246499

2 qw the Sneak (level 1, -1/14 HPs)
             Began as a Gargoyle Delver on Sept 11, 2022.
             Slain by an ufetubus (3 damage)
             ... on level 5 of the Dungeon.
             The game lasted 00:00:09 (279 turns).

qw the Sneak (Gargoyle Delver)                       Turns: 279, Time: 00:00:10

Health: -1/14      AC:  5    Str: 15    XL:     1   Next: 40%
Magic:  1/1        EV: 11    Int: 10    God:
Gold:   32         SH:  0    Dex: 11    Spells: 0/0 levels left

rFire   . . .      SeeInvis .   a - +0 hand axe
rCold   . . .      Faith    .   (no shield)
rNeg    + . .      Spirit   .   b - +0 leather armour
rPois   inf        Reflect  .   (no helmet)
rElec   +          Harm     .   (no cloak)
rCorr   .          Rampage  .   (no gloves)
Will    .....                   (no boots)
Stlth   +++.......              (no amulet)
HPRegen 0.04/turn               (no ring)
MPRegen 0.07/turn               (no ring)

@: no status effects
A: sickness immunity, AC +2, negative energy resistance 1, electricity
resistance, torment resistance 1, petrification resistance
a: no special abilities


You were on level 5 of the Dungeon.
You visited 1 branch of the dungeon, and saw 1 of its levels.

You collected 32 gold pieces.


Innate Abilities, Weirdness & Mutations

You are immune to sickness and miasma.
Your stone body is resilient. (AC +2)
You are immune to poison.
You resist negative energy. (rN+)
You are resistant to electric shocks. (rElec)
You are resistant to unholy torment.
You are immune to petrification.


   Skills:
 - Level 3.2 Fighting
 + Level 2.0 Axes
 - Level 1.5 Dodging
 - Level 5.4 Stealth


You couldn't memorise any spells.
You didn't know any spells.
Your spell library was empty.

Inventory:

Hand Weapons
 a - a +0 hand axe (weapon)
Armour
 b - a +0 leather armour (worn)
Wands
 g - a wand of digging (3)
Scrolls
 c - a scroll of fog
 d - a scroll of magic mapping
 e - a scroll of fear
 h - 3 scrolls of identify {unknown}
 i - a scroll of poison {unknown}
Potions
 f - a potion of haste

Dungeon Overview and Level Annotations

Branches:
Dungeon (5/15)
 Temple: D:4-7

Altars:
Wu Jian
The Shining One


Message History

Enter note: The ufetubus hits you. The ufetubus completely misses you.
You closely miss the ufetubus. The ufetubus closely misses you.
The ufetubus hits you but does no damage. x3
You closely miss the ufetubus. The ufetubus misses you. x2
The ufetubus hits you but does no damage. x2
You closely miss the ufetubus. The ufetubus barely misses you.
The ufetubus closely misses you. The ufetubus hits you.
The ufetubus misses you.
You miss the ufetubus.
The ufetubus barely misses you. x3; The ufetubus hits you.
You hit the ufetubus.
The ufetubus is moderately wounded.
The ufetubus barely misses you. The ufetubus hits you.
You barely miss the ufetubus.
The ufetubus is moderately wounded.
The ufetubus hits you. The ufetubus closely misses you.
The ufetubus hits you but does no damage. x2
You miss the ufetubus.
The ufetubus is moderately wounded.
The ufetubus barely misses you.
The ufetubus hits you but does no damage.
The ufetubus barely misses you. x2
You hit the ufetubus but do no damage.
The ufetubus is moderately wounded.
The ufetubus hits you but does no damage.
The ufetubus hits you. The ufetubus closely misses you. x2
You hit the ufetubus.
The ufetubus is heavily wounded.
The ufetubus hits you but does no damage.
The ufetubus barely misses you. x2; The ufetubus closely misses you.
You miss the ufetubus.
The ufetubus is heavily wounded.
The ufetubus closely misses you. The ufetubus hits you.
You barely miss the ufetubus.
The ufetubus is heavily wounded.
The ufetubus barely misses you. The ufetubus hits you.
You die...

.. #######..#
#######........#
#..............#
##..............#
PPPPPPP.PPP........#
P.P...P.P...P........#
.P.P.PPP.P.PPP........#
...P...........@...^...
.P.PPPPP.PPPPP..5.....#
P...P.....P.........
P.P.PPP.PPPPP.........
P...P...P...P.........
PPP.P.P.PPP.P.........
P.....P.....P............
PPPPPPPPPPP.P######......
##########....####......


You could see an ufetubus.

Vanquished Creatures
  A goblin skeleton (D:5)
  2 hobgoblin zombies (D:5)
  An orc skeleton (D:5)
4 creatures vanquished.

Notes
Turn   | Place    | Note
-------+----------+-------------------------------------------
     0 | D:5      | qw the Gargoyle Delver began the quest for the Orb.
     0 | D:5      | Reached XP level 1. HP: 14/14 MP: 1/1
     0 | D:5      | 0 ||| qw: Version: 0.1-a-118-gb4e7ce6
     0 | D:5      | 0 ||| qw: Game counter: 10576
     0 | D:5      | 0 ||| qw: Always use a shield: true
     0 | D:5      | 0 ||| qw: God list: Okawaru
     0 | D:5      | 0 ||| qw: Allow faded altars: false
     0 | D:5      | 0 ||| qw: Do Orc after D:15 true
     0 | D:5      | 0 ||| qw: Do second Lair branch before Depths: true
     0 | D:5      | 0 ||| qw: Lair rune preference: random
     0 | D:5      | 0 ||| qw: Plans: Normal
     0 | D:5      | 0 ||| PLANNING D:1-11
    12 | D:5      | Found an ornate altar of the Wu Jian Council.
    15 | D:5      | 15 ||| Stepping ~*~*~tactically~*~*~ (stealth).
    40 | D:5      | 40 ||| Stepping ~*~*~tactically~*~*~ (stealth).
    42 | D:5      | 42 ||| Stepping ~*~*~tactically~*~*~ (stealth).
    44 | D:5      | 44 ||| Stepping ~*~*~tactically~*~*~ (stealth).
    46 | D:5      | 46 ||| Stepping ~*~*~tactically~*~*~ (stealth).
    48 | D:5      | 48 ||| Stepping ~*~*~tactically~*~*~ (stealth).
    50 | D:5      | 50 ||| Stepping ~*~*~tactically~*~*~ (stealth).
   175 | D:5      | 175 ||| Stepping ~*~*~tactically~*~*~ (stealth).
   189 | D:5      | 189 ||| Stepping ~*~*~tactically~*~*~ (stealth).
   191 | D:5      | 191 ||| Stepping ~*~*~tactically~*~*~ (stealth).
   199 | D:5      | Found a glowing golden altar of the Shining One.
   199 | D:5      | Noticed a crimson imp
   200 | D:5      | 200 ||| Stepping ~*~*~tactically~*~*~ (stealth).
   276 | D:5      | HP: 3/14 [ufetubus (3)]
   279 | D:5      | Slain by an ufetubus

Levels and vault maps discovered:
D:5:      layout_basic, nicolae_tso_besieged_by_evil, lemuel_tele_altar,
          gammafunk_temple_overflow_elements, minmay_temple_entry_tees,
          grunt_decor_junction, minmay_hedge_maze, serial_bayou_crossing

Skill      XL: |  1 |
---------------+----+-----
Axes           | 2 |  2.0
Fighting       | |  3.2
Dodging        | |  1.5
Stealth        | |  5.4

Action                   || total
-------------------------++-------
Melee: Hand axe          ||    27
Armor: Leather armour    ||    13
Dodge: Dodged            ||    29

Table legend:
 A = Non-vault XP
 B = Vault XP
 C = Vault XP percentage of total XP
 D = Non-vault monster count
 E = Vault monster count
 F = Vault count percentage of total count
                 A         B        C        D         E       F
            +---------+---------+-------+---------+---------+-------
      Total |       0 |       4 | 100.0 |       0 |       4 | 100.0
            +---------+---------+-------+---------+---------+-------
        D:5 |       0 |       4 | 100.0 |       0 |       4 | 100.0
            +---------+---------+-------+---------+---------+-------
